 Dungeon Crawl Stone Soup version 0.23.2-1-ga50397a (webtiles) character file.

Game seed: 12028329643749122450

21 IBeShadow the Gusty (level 2, 0/16 HPs)
             Began as a Tengu Air Elementalist on May 15, 2019.
             Slain by a human skeleton (5 damage)
             ... on level 2 of the Dungeon.
             The game lasted 00:01:19 (731 turns).

IBeShadow the Gusty (Tengu Air Elementalist)         Turns: 731, Time: 00:01:20

Health: 0/16       AC:  5    Str:  8    XL:     2   Next: 83%
Magic:  6/6        EV: 10    Int: 15    God:
Gold:   54         SH:  0    Dex: 14    Spells: 4/5 levels left

rFire    . . .     SeeInvis .   j - +0 mace
rCold    . . .     Gourm    .   (no shield)
rNeg     . . .     Faith    .   k - +0 ring mail
rPois    .         Spirit   .   (helmet restricted)
rElec    .         Reflect  .   (no cloak)
rCorr    .         Harm     .   (no gloves)
MR       .....                  (boots unavailable)
Stlth    +.........             (no amulet)
HPRegen  0.05/turn              (no ring)
MPRegen  0.10/turn              (no ring)

@: no status effects
A: beak, talons 3
a: no special abilities


You were on level 2 of the Dungeon.
You were not hungry.

You visited 1 branch of the dungeon, and saw 2 of its levels.

You collected 54 gold pieces.

Inventory:

Hand Weapons
 j - a +0 mace (weapon)
Armour
 a - a +0 robe
 f - a +0 leather armour
 k - a +0 ring mail (worn)
Scrolls
 h - a scroll of identify {unknown}
 i - a scroll of immolation {unknown}
Potions
 d - 2 potions of flight {unknown}
 e - a potion of brilliance {unknown}
 g - a potion of curing {unknown}
Comestibles
 c - 6 rations


   Skills:
 + Level 1.1 Fighting
 - Level 2.1 Dodging
 - Level 2.0 Stealth
 - Level 2.0 Spellcasting
 + Level 2.3 Conjurations
 + Level 4.5 Air Magic


You had 4 spell levels left.
You knew the following spells:

 Your Spells              Type           Power        Failure   Level  Hunger
a - Shock                 Conj/Air       ##..         17%         1    #......

Your spell library contained the following spells:

 Spells                   Type           Power        Failure   Level  Hunger
 Swiftness                Chrm/Air       #.......     38%         2    ###....
 Static Discharge         Conj/Air       ##......     45%         3    ###....
 Airstrike                Air            ###.......   71%         4    #####..
 Lightning Bolt           Conj/Air       ##........   99%         5    ######.


Dungeon Overview and Level Annotations

Branches:
Dungeon (2/15)

Altars:


Innate Abilities, Weirdness & Mutations

You have a beak for a mouth.
You have claws for feet.


Message History

You peck the human skeleton.
The human skeleton is heavily damaged.
The human skeleton hits you.
The human skeleton hits you but does no damage.
You hit the human skeleton.
The human skeleton is heavily damaged.
The human skeleton hits you but does no damage.
You barely miss the human skeleton. You claw the human skeleton.
The human skeleton is heavily damaged.
The human skeleton hits you.
You are too injured to fight recklessly!
You are too injured to fight recklessly!
You hit the human skeleton.
The human skeleton is heavily damaged.
The human skeleton hits you but does no damage.
You barely miss the human skeleton.
You peck the human skeleton, but do no damage.
The human skeleton is heavily damaged.
The human skeleton hits you.
You die...

## ### #. ..#
#.###.# ###...#.#
#.....#.# ####
#.....#.####.....
#.Z.>..........
#..@..).(......
#.#............
.. #............
## #............
#............
#.##.##......
#.##.. ......
..######.....


You could see a human skeleton.

Vanquished Creatures
  2 leopard geckos (D:1)
  3 giant cockroaches
  2 goblins
  2 hobgoblins
  4 bats (D:1)
  A frilled lizard (D:1)
  A kobold (D:1)
  A kobold zombie (D:2)
  2 rats (D:1)
18 creatures vanquished.

Notes
Turn   | Place    | Note
-------+----------+-------------------------------------------
     0 | D:1      | IBeShadow the Tengu Air Elementalist began the quest for
                  | the Orb.
     0 | D:1      | Reached XP level 1. HP: 10/10 MP: 4/4
   119 | D:1      | Reached XP level 2. HP: 10/16 MP: 0/6
   317 | D:1      | Reached skill level 1 in Fighting
   731 | D:2      | Slain by a human skeleton

Skill      XL: |  1  2 |
---------------+-------+-----
Conjurations   | 2 |  2.3
Fighting       | 1 |  1.1
Dodging        | |  2.1
Stealth        | |  2.0
Spellcasting   | |  2.0
Air Magic      | |  4.5

Action                   || total
-------------------------++-------
Melee: Unarmed           ||    22
       Kick              ||    13
       Peck              ||    10
       Mace              ||    22
       Dagger            ||     9
 Cast: Shock             ||     8
 Stab: Sleeping          ||     2
Armor: Robe              ||    11
       Ring mail         ||    11
       Leather armour    ||     4
Dodge: Dodged            ||    61
